 Dungeon Crawl Stone Soup version 0.20-a0-441-g89e74e4 (webtiles) character file.

5826 M4edhros the Covert (level 10, -11/68 HPs)
             Began as an Octopode Artificer on Jan 6, 2017.
             Was a Priest of Fedhas.
             Mangled by a two-headed ogre
             ... wielding a +0 giant club
              (13 damage)
             ... on level 10 of the Dungeon.
             The game lasted 00:10:15 (8164 turns).

M4edhros the Covert (Octopode Artificer)            Turns: 8164, Time: 00:10:15

Health: -11/68     AC:  6    Str: 11    XL:     10   Next: 80%
Magic:  23/23      EV: 14    Int: 17    God:    Fedhas [***...]
Gold:   528        SH:  7    Dex: 15    Spells: 9/9 levels left

rFire  + . .     SeeInvis +     K - +1 trident (flame)
rCold  . . .     Gourm    .     S - +0 shield
rNeg   . . .     Faith    .     P - +3 crown of Dyrovepreva {rElec Int+2 SInv}
rPois  .         Spirit   .     D - amulet of regeneration
rElec  +         Reflect  .     F - ring of resist corrosion
rCorr  +         Harm     .     J - ring of magical power
MR     .....                    Q - +2 ring of protection
Stlth  ++++++....               R - ring of protection from fire
                                w - ring of see invisible
                                (no ring)
                                (no ring)
                                (no ring)

@: no status effects
A: almost no armour, stealthy swim, amphibious, 8 rings, constrict 8, camouflage
1, gelatinous body 1, MP-powered wands
a: Fungal Bloom, Evolution, Sunlight, Growth, Renounce Religion


You were on level 10 of the Dungeon.
You worshipped Fedhas.
Fedhas was most pleased with you.
You were not hungry.

You visited 2 branches of the dungeon, and saw 11 of its levels.

You collected 528 gold pieces.

Inventory:

Hand Weapons
 a - a +0 short sword
 h - a +2 dagger of holy wrath
 j - a +2 vampiric dagger
 n - a +1 hunting sling
 r - a +2 vampiric rapier
 x - a cursed -3 short sword
 y - a +0 blowgun
 K - a +1 trident of flaming (weapon)
Missiles
 o - 432 stones (quivered)
 z - 58 poisoned needles
Armour
 P - the +3 crown of Dyrovepreva (worn) {rElec Int+2 SInv}
   (You found it on level 9 of the Dungeon)

   It affects your intelligence (+2).
   It insulates you from electricity.
   It lets you see invisible.
 S - a +0 shield (worn)
Jewellery
 w - a ring of see invisible (on tentacle)
 D - an amulet of regeneration (around mantle)
 F - a ring of resist corrosion (left tentacle)
 I - an uncursed amulet of rage
 J - a ring of magical power (right tentacle)
 Q - a +2 ring of protection (on tentacle)
 R - a ring of protection from fire (on tentacle)
 W - an uncursed amulet of harm {unknown}
Wands
 b - a wand of flame (31/48)
 c - a wand of enslavement (14/24)
 d - a wand of random effects (13/48)
 H - a wand of random effects (16/48)
Scrolls
 e - 5 scrolls of teleportation
 p - 5 scrolls of blinking
 q - 4 scrolls of remove curse
 t - 2 scrolls of enchant armour {unknown}
 A - 5 scrolls of fear {unknown}
 N - a scroll of magic mapping {unknown}
 O - 2 scrolls of amnesia {unknown}
 T - a scroll of noise {unknown}
 X - a scroll of acquirement {unknown}
Potions
 i - a potion of berserk rage {unknown}
 l - 3 potions of heal wounds {unknown}
 m - 3 potions of degeneration {unknown}
 s - 2 potions of lignification {unknown}
 u - 2 potions of ambrosia
 v - 7 potions of curing
 C - 2 potions of brilliance
 E - 4 potions of flight
 G - 2 potions of haste
 L - a potion of cure mutation {unknown}
 M - a potion of magic {unknown}
 U - a potion of cancellation {unknown}
 V - a potion of might
Books
 k - a book of Changes

   Spells                             Type                      Level
   a - Beastly Appendage              Transmutation                1
   b - Sticks to Snakes               Transmutation                2
   c - Spider Form                    Transmutation/Poison         3
   d - Ice Form                       Ice/Transmutation            4
   e - Blade Hands                    Transmutation                5
Comestibles
 f - 5 bread rations
 g - 2 beef jerkies
 B - 7 fruits


   Skills:
 + Level 5.9 Fighting
 - Level 1.0 Short Blades
 * Level 7.0 Polearms
 - Level 4.1 Slings
 + Level 6.0 Dodging
 - Level 12.3 Stealth
 + Level 6.5 Invocations
 - Level 3.2 Evocations


You had 9 spell levels left.
You didn't know any spells.

Dungeon Overview and Level Annotations

Branches:
Dungeon (10/15)            Temple (1/1) D:5
   Lair: D:8-11         Orc: D:9-12

Altars:
Ashenzari
Cheibriados
Dithmenos
Elyvilon
Fedhas
Gozag
Kikubaaqudgha
Makhleb
Nemelex Xobeh
Okawaru
Qazlal
Ru
Trog
Uskayaw
Vehumet
Xom
Yredelemnul
Zin
The Shining One

Shops:
D:4 [   D:8 :

Portals:
Trove: D:10 (show abyssal rune of Zot)


Innate Abilities, Weirdness & Mutations

You cannot wear most types of armour.
You are very stealthy in the water. (Stealth+)
You are amphibious.
You can wear up to eight rings at the same time.
You can use your tentacles to constrict eight enemies at once.
Your skin changes colour to match your surroundings (Stealth+).
Your rubbery body absorbs attacks. (AC +1, EV +1)
You expend magic power (3 MP) to strengthen your wands.


Message History

Your wandering mushroom is destroyed!
You feel a little guilty.
You hit the orc warrior. You burn the orc warrior.
You squeeze the orc warrior, but do no damage.
The orc warrior is heavily wounded.
You constrict the orc warrior. The orc warrior closely misses you.
Unknown command.
You hit the orc warrior but do no damage.
The orc warrior is heavily wounded.
You constrict the orc warrior, but do no damage.
The orc warrior hits you with a mace.
Unknown command.
You hit the two-headed ogre. You burn the two-headed ogre.
The two-headed ogre is severely wounded.
You constrict the orc warrior. The orc warrior hits you with a mace!!
The two-headed ogre hits you with a giant club!!
* * * LOW HITPOINT WARNING * * *
The two-headed ogre hits you with a dire flail!
You die...
Fedhas appreciates your contribution to the ecosystem.

'......#..# +.#......#......
#####'##..# #.#......#.....#
..........########.#..#####.....#
...................#..#.........#
#######............####.........#
......#.........................#
......#################.........#
......................#.........#
...............o@.....#.........#
.#######>......oO.....'.........#
.#.....#.#######.)...^#.........#
.#.....#.# #......#..........
.#.....#.# #......#....#####.
.#.....#.# #......#....# #.
.#.....#.# #......#....# #.
.#.....#.#######......#....# #.
.#.....'..............#....# #.


You could see a two-headed ogre, an orc warrior and an orc.

Vanquished Creatures
  Erica (D:9)
  A troll (D:10)
  Grinder (D:3)
  Prince Ribbit (D:6)
  A basilisk (D:9)
  A hungry ghost (D:9)
  Eustachio (D:5)
  Edmund (D:5)
  A water moccasin (D:9)
  2 ice beasts
  2 black bears (D:9)
  3 ogres
  A tengu (D:7)
  3 centaurs
  8 bullfrogs
  The ghost of patman the Ducker, an amateur FeMo (D:4)
  A wyvern skeleton (D:8)
  A water moccasin skeleton (D:7)
  A scorpion (D:5)
  A killer bee (D:8)
  2 crimson imps
  A jelly (D:7)
  An orc priest (D:3)
  A bullfrog skeleton (D:7)
  A quasit (D:9)
  Crazy Yiuf (D:5)
  9 hounds
  4 orc wizards
  2 centaur skeletons
  An iguana (D:7)
  5 worker ants
  3 hound skeletons
  5 gnolls
  A howler monkey skeleton (D:8)
  12 adders
  5 shadow imps
  An ooze (D:1)
  2 adder skeletons (D:6)
  3 worms
  2 dart slugs
  5 leopard geckos
  21 orcs
  A ball python (D:6)
  3 giant cockroaches
  10 goblins
  5 hobgoblins
  4 jackals (D:5)
  6 kobolds
  2 quokkas (D:9)
  7 bats
  6 frilled lizards
  A jackal zombie (D:7)
  A quokka zombie (D:5)
  5 rats
  A fungus (D:5)
173 creatures vanquished.

Vanquished Creatures (collateral kills)
  A two-headed ogre (D:9)
  A hippogriff (D:9)
  A hungry ghost (D:7)
  A black bear (D:9)
  An ice beast (D:8)
  2 ogres
  A centaur skeleton (D:9)
  2 worker ants
  A gnoll (D:3)
  5 orcs
16 creatures vanquished.

Vanquished Creatures (others)
  A necrophage (D:6)
  A worker ant zombie (D:7)
  A gnoll (D:3)
  2 wandering mushrooms (D:10)
  127 toadstools
132 creatures vanquished.

Grand Total: 321 creatures vanquished

Notes
Turn   | Place    | Note
-------+----------+-------------------------------------------
     0 | D:1      | M4edhros the Octopode Artificer began the quest for the Orb.
     0 | D:1      | Reached XP level 1. HP: 13/13 MP: 3/3
    33 | D:1      | Reached skill level 2 in Stealth
    71 | D:1      | Reached skill level 3 in Stealth
    71 | D:1      | Reached XP level 2. HP: 15/18 MP: 4/4
   625 | D:2      | Reached skill level 4 in Stealth
   679 | D:3      | Reached XP level 3. HP: 23/23 MP: 5/5
   765 | D:3      | Reached skill level 5 in Stealth
   822 | D:3      | Reached XP level 4. HP: 12/28 MP: 6/6
  1322 | D:4      | Reached skill level 6 in Stealth
  1423 | D:4      | Reached XP level 5. HP: 27/33 MP: 7/7
  1431 | D:4      | Reached skill level 7 in Stealth
  1459 | D:4      | Noticed patman's ghost (amateur FeMo)
  1462 | D:4      | Killed patman's ghost
  1504 | D:4      | Found a sacrificial altar of Ru.
  1507 | D:4      | Reached skill level 8 in Stealth
  1512 | D:4      | Reached XP level 6. HP: 38/38 MP: 8/8
  1597 | D:4      | Reached skill level 9 in Stealth
  1641 | D:4      | Reached skill level 10 in Stealth
  1658 | D:4      | Reached XP level 7. HP: 43/43 MP: 9/9
  1834 | D:4      | Found a burning altar of Makhleb.
  1957 | D:4      | Found Setedgh's Antique Armour Emporium.
  2024 | D:5      | Entered Level 5 of the Dungeon
  2204 | D:5      | Found a runed door.
  2283 | D:5      | Found a staircase to the Ecumenical Temple.
  2287 | D:5      | Reached skill level 11 in Stealth
  2291 | Temple   | Entered the Ecumenical Temple
  2427 | Temple   | Became a worshipper of Xom of Chaos
  2457 | Temple   | Fell from the grace of Xom
  2457 | Temple   | Became a worshipper of Fedhas Madash
  2598 | D:3      | Noticed Grinder
  2605 | D:3      | Killed Grinder
  2605 | D:3      | Reached skill level 12 in Stealth
  2605 | D:3      | Reached XP level 8. HP: 48/48 MP: 10/10
  2670 | D:3      | XOM: give mutation
  2670 | D:3      | Gained mutation: You expend magic power (3 MP) to strengthen your wands. [Xom's mischief]
  2815 | D:2      | Reached * piety under Fedhas
  3678 | D:3      | Found a faded altar of an unknown god.
  4085 | D:5      | Found an opulent altar of Gozag.
  4126 | D:5      | Noticed Eustachio
  4128 | D:5      | Killed Eustachio
  4128 | D:5      | Reached skill level 1 in Slings
  4128 | D:5      | Reached skill level 1 in Invocations
  4143 | D:5      | Found a glowing silver altar of Zin.
  4280 | D:5      | Noticed Prince Ribbit
  4280 | D:5      | Noticed Edmund
  4284 | D:5      | Killed Edmund
  4689 | D:5      | Noticed Crazy Yiuf
  4696 | D:5      | Killed Crazy Yiuf
  4888 | D:6      | Reached ** piety under Fedhas
  4918 | D:6      | XOM: mild Ice miscast
  4960 | D:6      | XOM: mild Pois miscast
  4987 | D:6      | XOM: mild Tmut miscast
  5083 | D:6      | XOM: noise
  5101 | D:6      | Killed Prince Ribbit
  5101 | D:6      | Reached XP level 9. HP: 37/55 MP: 7/11
  5511 | D:6      | Reached skill level 1 in Polearms
  5863 | D:7      | Found a radiant altar of Vehumet.
  5930 | D:7      | XOM: mild Conj miscast
  5989 | D:7      | XOM: polymorph scorpion -> tengu
  6194 | D:7      | XOM: summons 1 hostile shadow creature
  6433 | D:8      | Found Gitorof's Book Shoppe.
  6617 | D:8      | XOM: medium Ice miscast
  6649 | D:8      | XOM: polymorph wandering mushroom -> wandering mushroom
  6866 | D:8      | Noticed a two-headed ogre
  6916 | D:8      | Reached skill level 5 in Dodging
  6916 | D:8      | Reached skill level 5 in Invocations
  6974 | D:9      | Reached XP level 10. HP: 65/65 MP: 13/13
  6983 | D:9      | Reached skill level 5 in Polearms
  7025 | D:9      | Reached *** piety under Fedhas
  7034 | D:9      | Reached skill level 5 in Fighting
  7040 | D:9      | crown of Dyrovepreva
  7200 | D:9      | Noticed a two-headed ogre
  7212 | D:9      | Killed a two-headed ogre
  7277 | D:9      | Noticed Erica
  7285 | D:9      | Killed Erica
  7321 | D:9      | Found a bloodstained altar of Trog.
  7329 | D:9      | XOM: mild Summ miscast
  7398 | D:9      | XOM: noise
  7594 | D:10     | Entered Level 10 of the Dungeon
  7782 | D:10     | XOM: polymorph wandering mushroom -> oklob plant
  8012 | D:10     | Found a portal to a secret trove of treasure.
  8148 | D:10     | Noticed a two-headed ogre
  8164 | D:10     | HP: 2/68 [two-headed ogre/giant club (26)]
  8164 | D:10     | Mangled by a two-headed ogre

Vault maps used:
D:1:      sevenhm_arrival_forest_fort_small_6
D:2:      minmay_crystal_water
D:3:      chequers_ecumenical_altar_island, first_bread, uniq_grinder
D:4:      nicolae_overflow_hidden_temple, nicolae_ru_great_annihilating_truth,
          serial_shops, shop_fountains, makhleb_blood_cavern_becter
D:5:      kennysheep_mini_moat, lemuel_coloured_pillars_altar, minmay_holes,
          uniq_prince_ribbit1, uniq_edmund, uniq_crazy_yiuf_cottage,
          uniq_eustachio
D:7:      vehumet_crystals
D:8:      serial_shops, shop, david_nohive_1, kennysheep_generic_room_2
D:9:      hangedman_cross_stitches, trog_ov_bears_minmay, minmay_statues_item,
          uniq_erica
D:10:     enter_trove_3
Temple:   jpeg_temple_clearing

Skill      XL: |  1  2  3  4  5  6  7  8  9 10 |
---------------+-------------------------------+-----
Stealth        | 3 4 5 6 8 10 12 | 12.3
Slings         | 4 |  4.1
Invocations    | 3 5 6 |  6.5
Fighting       | 2 4 5 |  5.9
Dodging        | 3 5 6 |  6.0
Polearms       | 4 7 |  7.0
Short Blades   | |  1.0
Evocations     | |  3.2

Action                   |  1- 3 |  4- 6 |  7- 9 | 10-12 || total
-------------------------+-------+-------+-------+-------++-------
Melee: Short sword       |    22 |       |       |       ||    22
       Tentacles         |    10 |     5 |    41 |    17 ||    73
       Constrict         |     8 |     5 |    48 |    12 ||    73
       Dagger            |    18 |    37 |   128 |       ||   183
       Trident           |       |       |   138 |    91 ||   229
Invok: Fungal Bloom      |       |       |    46 |    13 ||    59
       Evolution         |       |       |     3 |       ||     3
Evoke: Wand              |     2 |       |     7 |       ||     9
  Use: Scroll            |       |       |    11 |     1 ||    12
       Potion            |       |       |       |     1 ||     1
 Stab: Sleeping          |     6 |    10 |    50 |    12 ||    78
       Distracted        |       |     2 |       |     1 ||     3
       Paralysed         |       |     1 |       |       ||     1
       Confused          |       |       |     1 |     2 ||     3
  Eat: Chunk             |       |     2 |     3 |       ||     5
       Meat ration       |       |       |     3 |       ||     3
       Pizza             |       |       |     1 |       ||     1
       Bread ration      |       |       |       |     1 ||     1
Armor: Skin              |     2 |     2 |    10 |    18 ||    32
Dodge: Dodged            |    16 |    13 |   127 |    45 ||   201
Block: Shield            |       |       |    12 |    17 ||    29
